 Dungeon Crawl Stone Soup version 0.29.0-4-gdea44cf6ec (webtiles) character file.

Game seed: 17723125778163299674

87 qw the Chopper (level 4, -5/26 HPs)
             Began as a Tengu Warper on Aug 28, 2022.
             Killed by nerve-wracking pain
             ... invoked by Grinder
              (14 damage)
             ... on level 3 of the Dungeon.
             The game lasted 00:00:12 (1916 turns).

qw the Chopper (Tengu Warper)                       Turns: 1916, Time: 00:00:13

Health: -5/26      AC:  7    Str: 13    XL:     4   Next: 51%
Magic:  8/8        EV: 11    Int: 13    God:
Gold:   63         SH:  5    Dex: 14    Spells: 7/7 levels left

rFire   . . .      SeeInvis .   Y - +0 hand axe
rCold   . . .      Faith    .   (no shield)
rNeg    . . .      Spirit   .   f - +2 ring mail {rPois}
rPois   +          Reflect  +   (helmet restricted)
rElec   .          Harm     .   (no cloak)
rCorr   .          Rampage  .   (no gloves)
Will    .....                   (boots unavailable)
Stlth   +.........              c - amulet of reflection
HPRegen 0.08/turn               (no ring)
MPRegen 0.11/turn               (no ring)

@: hasted (expiring), very quick
A: beak, talons 3
a: no special abilities


You were on level 3 of the Dungeon.
You visited 1 branch of the dungeon, and saw 3 of its levels.

You collected 63 gold pieces.


Innate Abilities, Weirdness & Mutations

You have a beak for a mouth.
You have claws for feet.


   Skills:
 - Level 2.0 Fighting
 + Level 5.1 Axes
 - Level 1.0 Throwing
 - Level 1.1 Armour
 - Level 2.1 Dodging
 - Level 2.0 Spellcasting
 - Level 2.4 Translocations


You had 7 spell levels left.
You didn't know any spells.
Your spell library contained the following spells:

 Spells                   Type           Power      Damage    Failure   Level
 Blink                    Tloc           14%        N/A       30%         2
 Gell's Gravitas          Tloc           7%         N/A       52%         3
 Lesser Beckoning         Tloc           7%         N/A       52%         3
 Teleport Other           Tloc           7%         N/A       52%         3
 Manifold Assault         Tloc           7%         N/A       99%         5

Inventory:

Hand Weapons
 e - a +3 spectral club
 Y - a +0 hand axe (weapon)
Missiles
 d - 4 javelins (quivered)
Armour
 f - a +2 ring mail of poison resistance (worn)
Jewellery
 c - an amulet of reflection (around neck)
Scrolls
 a - 3 scrolls of identify
Potions
 g - a potion of heal wounds
 h - a potion of curing
 k - a potion of haste

Dungeon Overview and Level Annotations

Branches:
Dungeon (3/15)

Altars:
Ashenzari

Annotations:
D:3 Grinder


Message History

Grinder is moderately wounded.
Grinder misses you.
You hit Grinder.
Grinder is moderately wounded.
You hit Grinder.
Grinder is moderately wounded.
Grinder blinks!
Grinder says, "DUCK!"
You hit Grinder.
Grinder is heavily wounded.
You closely miss Grinder.
Grinder is heavily wounded.
You block Grinder's attack.
You hit Grinder.
Grinder is heavily wounded.
Grinder closely misses you.
You closely miss Grinder. You peck Grinder, but do no damage.
Grinder is heavily wounded.
You hit Grinder. Your kick misses Grinder.
Grinder is heavily wounded.
Grinder hits you.
You writhe in agony.
You barely miss Grinder.
Grinder is heavily wounded.
Grinder hits you but does no damage.
You closely miss Grinder. You claw Grinder.
Grinder is severely wounded.
Your extra speed is starting to run out.
Grinder gestures at you. Pain shoots through your body!
You hit Grinder. You claw Grinder, but do no damage.
Grinder is severely wounded.
You closely miss Grinder.
Grinder is severely wounded.
Grinder hits you.
You writhe in agony.
You barely miss Grinder. Your kick misses Grinder.
Grinder is severely wounded.
Grinder gestures at you. Pain shoots through your body!
Ouch! That really hurt!
You die...

####..........#...
#.............#
#.............#
#.....%########
#......# #......#
#......# #.....[#
#...5@.# #......#
#......# #......#
########


You could see Grinder.

Vanquished Creatures
  Jessica (D:2)
  2 dart slugs
  5 endoplasms
  4 giant cockroaches
  8 goblins
  4 hobgoblins
  3 quokkas
  8 ball pythons
  7 bats
  4 frilled lizards (D:1)
  5 kobolds
  A rat (D:2)
52 creatures vanquished.

Notes
Turn   | Place    | Note
-------+----------+-------------------------------------------
     0 | D:1      | qw the Tengu Warper began the quest for the Orb.
     0 | D:1      | Reached XP level 1. HP: 12/12 MP: 4/4
     0 | D:1      | 0 ||| qw: Version: 0.1-a-89-g26bdef1
     0 | D:1      | 0 ||| qw: Game counter: 973
     0 | D:1      | 0 ||| qw: Always use a shield: true
     0 | D:1      | 0 ||| qw: God list: Okawaru
     0 | D:1      | 0 ||| qw: Allow faded altars: false
     0 | D:1      | 0 ||| qw: Do Orc after D:15 true
     0 | D:1      | 0 ||| qw: Do second Lair branch before Depths: true
     0 | D:1      | 0 ||| qw: Lair rune preference: random
     0 | D:1      | 0 ||| qw: Plans: Normal
     0 | D:1      | 0 ||| PLANNING D:1-11
    74 | D:1      | 74 ||| Stepping ~*~*~tactically~*~*~ (stealth).
    81 | D:1      | Reached XP level 2. HP: 17/17 MP: 6/6
    94 | D:1      | 94 ||| Stepping ~*~*~tactically~*~*~ (stealth).
    95 | D:1      | 95 ||| Stepping ~*~*~tactically~*~*~ (stealth).
    97 | D:1      | 97 ||| Stepping ~*~*~tactically~*~*~ (stealth).
   100 | D:1      | Reached skill level 3 in Axes
   108 | D:1      | 108 ||| Stepping ~*~*~tactically~*~*~ (stealth).
   122 | D:1      | 122 ||| Stepping ~*~*~tactically~*~*~ (stealth).
   123 | D:1      | 123 ||| Stepping ~*~*~tactically~*~*~ (stealth).
   147 | D:1      | 147 ||| Stepping ~*~*~tactically~*~*~ (stealth).
   148 | D:1      | 148 ||| Stepping ~*~*~tactically~*~*~ (stealth).
   161 | D:1      | 161 ||| Stepping ~*~*~tactically~*~*~ (stealth).
   233 | D:1      | You fall into a shaft and drop 1 floor!
   338 | D:2      | Found a faded altar of an unknown god.
   399 | D:2      | 399 ||| READING 3 scrolls labelled AXEEBR DAELLO.
   402 | D:2      | 402 ||| READING 2 scrolls of identify.
   402 | D:2      | 402 ||| IDENTIFYING yellow potion
   403 | D:2      | 403 ||| DROPPING scroll of blinking.
   404 | D:2      | 404 ||| DROPPING potion of flight.
   432 | D:1      | 432 ||| Stepping ~*~*~tactically~*~*~ (stealth).
   434 | D:1      | 434 ||| Stepping ~*~*~tactically~*~*~ (stealth).
   455 | D:1      | Reached XP level 3. HP: 21/21 MP: 7/7
   538 | D:1      | 538 ||| Stepping ~*~*~tactically~*~*~ (stealth).
   543 | D:1      | 543 ||| Stepping ~*~*~tactically~*~*~ (stealth).
   544 | D:1      | 544 ||| Stepping ~*~*~tactically~*~*~ (stealth).
   545 | D:1      | 545 ||| Stepping ~*~*~tactically~*~*~ (stealth).
   546 | D:1      | 546 ||| Stepping ~*~*~tactically~*~*~ (stealth).
   547 | D:1      | 547 ||| Stepping ~*~*~tactically~*~*~ (stealth).
   548 | D:1      | 548 ||| Stepping ~*~*~tactically~*~*~ (stealth).
   549 | D:1      | 549 ||| Stepping ~*~*~tactically~*~*~ (stealth).
   552 | D:1      | 552 ||| Stepping ~*~*~tactically~*~*~ (stealth).
   553 | D:1      | 553 ||| Stepping ~*~*~tactically~*~*~ (stealth).
   674 | D:1      | Reached skill level 4 in Axes
   976 | D:1      | 976 ||| UPGRADING to +0 scale mail.
   986 | D:1      | 986 ||| DROPPING +0 leather armour.
   987 | D:1      | 987 ||| UPGRADING to amulet of reflection.
   992 | D:1      | 992 ||| READING scroll labelled PAMPON ZUHI.
   993 | D:1      | 993 ||| READING scroll labelled COAXISA CAPI.
   994 | D:1      | 994 ||| DRINKING 2 fuming clear potions.
   995 | D:1      | 995 ||| READING 4 scrolls of identify.
   995 | D:1      | 995 ||| IDENTIFYING ruby potion
  1044 | D:2      | Noticed Jessica
  1049 | D:2      | 1049 ||| Stepping ~*~*~tactically~*~*~ (hiding).
  1056 | D:2      | Killed Jessica
  1057 | D:2      | Reached XP level 4. HP: 17/26 MP: 8/8
  1171 | D:2      | 1171 ||| DROPPING +0 club.
  1252 | D:2      | 1252 ||| Stepping ~*~*~tactically~*~*~ (hiding).
  1448 | D:2      | 1448 ||| Stepping ~*~*~tactically~*~*~ (stealth).
  1449 | D:2      | 1449 ||| Stepping ~*~*~tactically~*~*~ (stealth).
  1470 | D:2      | Found a broken altar of Ashenzari.
  1507 | D:2      | Reached skill level 5 in Axes
  1848 | D:2      | 1848 ||| UPGRADING to +2 ring mail of poison resistance.
  1858 | D:2      | 1858 ||| DROPPING +0 scale mail.
  1859 | D:2      | 1859 ||| READING scroll labelled NINUSOIREB.
  1863 | D:2      | 1863 ||| DRINKING 2 metallic red potions.
  1864 | D:2      | 1864 ||| READING 4 scrolls of identify.
  1864 | D:2      | 1864 ||| IDENTIFYING smoky green potion
  1865 | D:2      | 1865 ||| DROPPING potion of berserk rage.
  1896 | D:3      | Noticed Grinder
  1916 | D:3      | Killed from afar by Grinder

Levels and vault maps discovered:
D:1:      saegor_arrival_simple_e, layout_basic
D:2:      layout_loops_ring, ebering_ecumenical_altar_sacrificial, basic_altar,
          minmay_close_crescents, uniq_jessica
D:3:      layout_basic, uniq_grinder, uniq_natasha

Skill      XL: |  1  2  3  4 |
---------------+-------------+-----
Axes           | 3 4 5 |  5.1
Fighting       | |  2.0
Throwing       | |  1.0
Armour         | |  1.1
Dodging        | |  2.1
Spellcasting   | |  2.0
Translocations | |  2.4

Action                   |  1- 3 |  4- 6 || total
-------------------------+-------+-------++-------
Melee: Hand axe          |    68 |    35 ||   103
       Kick              |    16 |    12 ||    28
       Peck              |     8 |     3 ||    11
       Punch             |     1 |       ||     1
Throw: Boomerang         |     7 |       ||     7
       Javelin           |       |    12 ||    12
  Use: Scroll            |     5 |     2 ||     7
       Potion            |     1 |     1 ||     2
 Stab: Distracted        |     1 |       ||     1
Armor: Leather armour    |     8 |       ||     8
       Scale mail        |       |     4 ||     4
       Ring mail         |       |     1 ||     1
Dodge: Dodged            |    26 |     7 ||    33
Block: Other             |     3 |     4 ||     7

Table legend:
 A = Non-vault XP
 B = Vault XP
 C = Vault XP percentage of total XP
 D = Non-vault monster count
 E = Vault monster count
 F = Vault count percentage of total count
                 A         B        C        D         E       F
            +---------+---------+-------+---------+---------+-------
      Total |      82 |      43 |  34.4 |      48 |       4 |   7.7
            +---------+---------+-------+---------+---------+-------
        D:1 |      47 |       0 |   0.0 |      27 |       0 |   0.0
        D:2 |      32 |      43 |  57.3 |      19 |       4 |  17.4
        D:3 |       3 |       0 |   0.0 |       2 |       0 |   0.0
            +---------+---------+-------+---------+---------+-------
